 Seeded DCSS version 0.32-a0-80-g5f43475 (webtiles) character file.

Game seed: 3644087795793700585 (custom seed)

1287 edsrzf the Grappler (level 8, -2/58 HPs)
             Began as an Armataur Shapeshifter on Feb 5, 2024.
             Slain by a two-headed ogre
             ... wielding a +0 giant club
              (6 damage)
             ... on level 6 of the Dungeon.
             The game lasted 00:11:37 (3897 turns).

edsrzf the Grappler (Armataur Shapeshifter)         Turns: 3897, Time: 00:11:37

Health: -2/58      AC:  8    Str: 21    XL:     8   Next: 30%
Magic:  8/8        EV:  9    Int: 12    God:
Gold:   336        SH:  0    Dex:  9    Spells: 7/7 levels left

rFire   . .          .
                       - Unarmed
rCold   . . .        (no shield)
rNeg    . . .        a - +0 animal skin
rPois   .            (helmet currently unavailable)
rElec   .            (cloak currently unavailable)
rCorr   .            (gloves currently unavailable)
SInv    .            (no barding)
Will    .....        B - amulet of regeneration
Stlth   +            u - +4 ring of protection
HPRegen 1.74/turn    (no ring)
MPRegen 0.44/turn

%: roll
@: beast-form
A: beast (slay +1), large, deformed body, tough skin 3, armoured tail, roll 2
a: Begin Untransformation


You were on level 6 of the Dungeon.
You were a hulking beast.
You visited 2 branches of the dungeon, and saw 7 of its levels.

You collected 336 gold pieces.

Inventory:

Missiles
 f - 5 atropa-tipped darts (quivered)
 v - 6 poisoned darts
Armour
 a - a +0 animal skin (worn)
 o - a +0 cloak
Jewellery
 u - a +4 ring of protection (left hand)
 x - an amulet of the acrobat
 B - an amulet of regeneration (around neck)
Talismans
 c - a beast talisman
 d - a flux talisman
Wands
 k - a wand of flame (11)
 y - a wand of charming (11)
 A - a wand of mindburst (30)
Scrolls
 e - a scroll of poison {unknown}
 h - 2 scrolls of enchant weapon {unknown}
 i - a scroll of vulnerability {unknown}
 l - 2 scrolls of immolation {unknown}
 m - 2 scrolls of identify {unknown}
 p - a scroll of fear {unknown}
 w - 5 scrolls of blinking {unknown}
 z - 4 scrolls of teleportation {unknown}
 D - a scroll of torment {unknown}
 F - a scroll of amnesia {unknown}
 G - a scroll of acquirement {unknown}
Potions
 b - 2 potions of lignification
 j - a potion of might {unknown}
 n - 2 potions of curing
 q - a potion of heal wounds {unknown}
 r - 3 potions of brilliance
 s - a potion of resistance {unknown}
 t - 2 potions of attraction {unknown}
 C - a potion of enlightenment {unknown}
 E - a potion of magic {unknown}


   Skills:
 - Level 0.8 Fighting
 - Level 1.3 Dodging
 + Level 9.7 Unarmed Combat
 - Level 2.6 Shapeshifting


You had 7 spell levels left.
You didn't know any spells.
Your spell library contained the following spells:

 Spells                   Type           Power      Damage    Failure   Level
 Magic Dart               Conj           0%         1d3       32%         1
 Blink                    Tloc           0%         N/A       45%         2
 Call Imp                 Summ           0%         N/A       45%         2
 Passage of Golubria      Tloc           0%         N/A       97%         4
 Silence                  Hex/Air        0%         N/A       100%        5
 Lehudib's Crystal Spear  Conj/Erth      0%         10d2      100%        8


Dungeon Overview and Level Annotations

Branches:
Dungeon (6/15)             Temple (1/1) D:5

Altars:
Ashenzari
Cheibriados
Dithmenos
Elyvilon
Fedhas
Gozag
Hepliaklqana
Kikubaaqudgha
Makhleb
Nemelex Xobeh
Okawaru
Ru
Sif Muna
Vehumet
Wu Jian
Xom
Yredelemnul
Zin
The Shining One

Shops:
D:2 [

Annotations:
D:3 3 runed translucent doors, RazingBull's ghost, amateur OnWn; centralandcovert's ghost, weakling DgCj; geeeeen's ghost, amateur GnSh; ozjimbob's ghost, amateur VSHu
Temple 2 transporters


Innate Abilities, Weirdness & Mutations

You are a hulking beast.
Your limbs bulge with bestial killing power. (Slay +1)
Armour fits poorly on your strangely shaped body.
You have extremely tough skin. (AC +3)
You have a long armoured tail.
You regenerate magic and health when rolling toward enemies. (Rampage Regen)


Message History

The phantom is almost destroyed.
The orc wizard gestures wildly while chanting.
The orc wizard flickers and vanishes!
Deactivating autopickup; reactivate with Ctrl-A.
The phantom hits you but does no damage.
You hit the phantom.
The phantom is almost destroyed.
The phantom hits you but does no damage.
You punch the phantom!
You destroy the phantom!
A bombardier beetle comes into view.
You punch the orc!
You kill the orc!
Something hits you but does no damage.
Things that are here:
a +0 hand axe; a +0 club; an orc corpse Something unexpectedly blocks you, preventing you from rolling!
You barely miss something. Something hits you but does no damage.
You barely miss something. Your punch misses something.
The orc hits you with a +0 hand axe. Something hits you.
You punch the orc!
You kill the orc!
A two-headed ogre comes into view.
It is wielding a +0 giant club and a +0 giant spiked club.
The two-headed ogre shouts in stereo!
Something hits you but does no damage. Something hits you but does no damage.
Something hits you but does no damage. Something hits you but does no damage.
Something unexpectedly blocks you, preventing you from rolling!
You miss something.
Your tail-slap misses something.
Something hits you but does no damage.
Something unexpectedly blocks you, preventing you from rolling!
You miss something. Something hits you.
Something unexpectedly blocks you, preventing you from rolling!
You punch something!
Your tail-slap misses something.
Your punch misses something. You punch the two-headed ogre!
The two-headed ogre is lightly wounded.
You hit the two-headed ogre but do no damage.
You tail-slap the two-headed ogre, but do no damage.
Your punch misses the two-headed ogre.
The two-headed ogre is lightly wounded.
The two-headed ogre hits you with a +0 giant club!!
The two-headed ogre hits you with a +0 giant spiked club!
Okay, then.
Okay, then.
Throw: throwing net {=f}
Press: ? - help, Shift-Dir - straight line, f - two-headed ogre
Aim: a two-headed ogre, wielding a +0 giant club and a +0 giant spiked club (lightly wounded, 70% to hit)
You throw a throwing net {=f}.
The throwing net {=f} hits the two-headed ogre.
The two-headed ogre is caught in the net!
The two-headed ogre is lightly wounded.
An ogre comes into view. It is wielding a +0 giant club.
The ogre shouts!
The two-headed ogre struggles against the net.
The two-headed ogre struggles against the net.
You roll towards the ogre!
You barely miss the ogre. The ogre barely misses you.
You completely miss the ogre. You tail-slap the ogre!
The ogre is heavily wounded.
You punch the ogre!
The ogre is almost dead.
The ogre barely misses you.
You hit the ogre.
You kill the ogre!
Things that are here:
a +0 giant club; an ogre corpse You roll towards the two-headed ogre!
You punch the two-headed ogre! You tail-slap the two-headed ogre.
The two-headed ogre is moderately wounded.
The two-headed ogre hits you with a +0 giant club!!
The two-headed ogre hits you with a +0 giant spiked club!
You closely miss the two-headed ogre. You tail-slap the two-headed ogre.
The two-headed ogre is heavily wounded.
The two-headed ogre hits you but does no damage.
The two-headed ogre hits you with a +0 giant spiked club!
* * * LOW HITPOINT WARNING * * *
Okay, then.
Okay, then.
Okay, then.
Okay, then.
Okay, then.
Okay, then.
You hit the two-headed ogre.
You punch the two-headed ogre, but do no damage.
The two-headed ogre is heavily wounded.
Okay, then.
You hit the two-headed ogre but do no damage.
The two-headed ogre is heavily wounded.
The two-headed ogre closely misses you.
The two-headed ogre hits you with a +0 giant spiked club!
* * * LOW HITPOINT WARNING * * *
You feel better.
You hit the two-headed ogre.
The two-headed ogre is heavily wounded.
The two-headed ogre hits you with a +0 giant club!
* * * LOW HITPOINT WARNING * * *
The two-headed ogre hits you with a +0 giant spiked club.
You die...

.######B########.#
#.{O.......###
######........
#.####### #)# #B#
#.# #O# #h# #.#
#.# ........#
####.#... # #....
...... ########


You could see a two-headed ogre and a bombardier beetle.

Vanquished Creatures
  Menkaure (D:5)
  A water moccasin (D:5)
  A black bear (D:6)
  An ogre (D:6)
  3 phantoms
  2 scorpions
  A bombardier beetle (D:4)
  A hound (D:5)
  3 jellies
  An orc priest (D:5)
  4 iguanas
  A sleepcap (D:4)
  Ijyb (D:3)
  2 orc wizards (D:5)
  7 adders
  A white imp (D:5)
  2 ufetubi (D:5)
  2 dart slugs
  3 ribbon worms
  11 orcs
  7 ball pythons
  4 bats
  4 endoplasms
  3 giant cockroaches
  6 goblins
  9 hobgoblins
  5 jackals
  5 kobolds
  7 quokkas
  A frilled lizard (D:1)
  5 rats
105 creatures vanquished.

Notes
Turn   | Place    | Note
-------+----------+-------------------------------------------
     0 | D:1      | edsrzf the Armataur Shapeshifter began the quest for the
                  | Orb.
     0 | D:1      | Reached XP level 1. HP: 15/15 MP: 1/1
   115 | D:1      | Reached skill level 3 in Unarmed Combat
   408 | D:1      | Reached XP level 2. HP: 22/22 MP: 2/2
  1135 | D:2      | Reached XP level 3. HP: 27/27 MP: 3/3
  1185 | D:2      | Reached skill level 4 in Unarmed Combat
  1382 | D:2      | Found Wauh's Antique Armour Boutique.
  1694 | D:3      | Reached XP level 4. HP: 21/34 MP: 4/4
  1977 | D:3      | Noticed Ijyb
  2013 | D:3      | Identified 3 potions of brilliance
  2025 | D:3      | Killed Ijyb
  2313 | D:3      | Found a runed translucent gate.
  2314 | D:3      | Found a runed translucent gate.
  2314 | D:3      | Found a runed translucent gate.
  2315 | D:3      | Noticed centralandcovert's ghost (weakling DgCj)
  2315 | D:3      | Noticed ozjimbob's ghost (amateur VSHu)
  2315 | D:3      | Noticed geeeeen's ghost (amateur GnSh)
  2315 | D:3      | Noticed RazingBull's ghost (amateur OnWn)
  2422 | D:4      | Reached skill level 5 in Unarmed Combat
  2701 | D:4      | Reached XP level 5. HP: 39/39 MP: 5/5
  3120 | D:5      | Entered Level 5 of the Dungeon
  3134 | D:5      | Noticed a water moccasin
  3143 | D:5      | Reached skill level 6 in Unarmed Combat
  3151 | D:5      | Killed a water moccasin
  3152 | D:5      | Reached XP level 6. HP: 32/46 MP: 6/6
  3158 | D:5      | Reached skill level 7 in Unarmed Combat
  3186 | D:5      | Identified 2 potions of curing
  3217 | D:5      | Gained mutation: You regenerate magic and health when
                  | rolling toward enemies. (Rampage Regen) [Armataur growth]
  3217 | D:5      | Reached XP level 7. HP: 51/51 MP: 7/7
  3236 | D:5      | Found a staircase to the Ecumenical Temple.
  3267 | D:5      | Noticed Menkaure
  3277 | D:5      | Killed Menkaure
  3373 | D:5      | Reached skill level 8 in Unarmed Combat
  3777 | D:6      | Reached skill level 9 in Unarmed Combat
  3777 | D:6      | Reached XP level 8. HP: 58/58 MP: 8/8
  3804 | Temple   | Found a transporter.
  3804 | Temple   | Found a transporter.
  3804 | Temple   | Found a transporter.
  3804 | Temple   | Found a transporter.
  3804 | Temple   | Entered the Ecumenical Temple
  3865 | D:6      | Noticed a two-headed ogre
  3897 | D:6      | Slain by a two-headed ogre

Illustrated notes

Levels and vault maps discovered:
D:1:      lemuel_arrival_lava_pool, layout_basic, kennysheep_small_spiral
D:2:      layout_basic, serial_shops, shop, kennysheep_another_room,
          dreamdust_mushroom_princess, minmay_door_square
D:3:      layout_basic, gammafunk_ghost_cemetery, uniq_ijyb
D:4:      layout_loops_ring
D:5:      layout_cave_pools, minmay_temple_entry_butterflies, uniq_menkaure
D:6:      layout_loops_ring, chequers_serial_rivers_small_b,
          nicolae_elevator_lobby_plus, uniq_edmund, uniq_blork_the_orc
Temple:   hellmonk_temple_divided_pantheon

Skill      XL: |  1  2  3  4  5  6  7 |
---------------+----------------------+-----
Unarmed Combat | 3 4 5 6 7 9 |  9.7
Fighting       | |  0.8
Dodging        | |  1.3
Shapeshifting  | |  2.6

Action                     |  1- 3 |  4- 6 |  7- 9 || total
---------------------------+-------+-------+-------++-------
  Melee: Unarmed           |    90 |   157 |    83 ||   330
         Tailslap          |    15 |    20 |    11 ||    46
         Punch             |     2 |     3 |     5 ||    10
  Throw: Throwing net      |       |       |     1 ||     1
    Use: Potion            |       |     2 |     1 ||     3
 Armour: Animal skin       |    43 |   104 |    83 ||   230
  Dodge: Dodged            |    31 |    77 |    30 ||   138

Table legend: (Time is in decaauts)
 A = Elapsed time spent in this place.
 B = Non-inter-level travel time spent in this place.
 C = Inter-level travel time spent in this place.
 D = Time resting spent in this place.
 E = Time spent auto-exploring this place.
 F = Levels seen in this place.
 G = Mean time per level.
                   A        B        C        D        E       F      G
               +--------+--------+--------+--------+--------+-----+--------+
         Total |   3861 |   3695 |    166 |    236 |   2629 |   7 |  551.6 |
       Dungeon |   3859 |   3694 |    165 |    236 |   2629 |   6 |  643.2 |
        Temple |      1 |      1 |      0 |      0 |      0 |   1 |    1.0 |
               +--------+--------+--------+--------+--------+-----+--------+

Top non-repeatable levels by time:
     D:1: 962 daAuts
     D:3: 813 daAuts
     D:4: 721 daAuts
     D:5: 635 daAuts
     D:2: 605 daAuts
     D:6: 122 daAuts
  Temple: 1 daAuts
